 Dungeon Crawl Stone Soup version 0.30-b1-2-g02819fbbbe (webtiles) character file.

Game seed: 16255781837600437531

66 MackTheKnife the Insei (level 3, 0/25 (29) HPs)
             Began as a Demonspawn Monk on May 9, 2023.
             Succumbed to a goblin's poison
             ... on level 2 of the Dungeon.
             The game lasted 00:01:06 (1218 turns).

MackTheKnife the Insei (Demonspawn Monk)            Turns: 1218, Time: 00:01:06

HP:   0/25 (29)     AC:  7    Str: 13    XL:     3   Next: 96%
MP:   3/3           EV:  9    Int: 11    God:
Gold: 52            SH:  4    Dex: 15    Spells: 2/2 levels left

rFire   . .          .
                       - Unarmed
rCold   . . .        c - orb {light}
rNeg    . . .        e - +0 scale mail
rPois   .            i - +0 helmet
rElec   .            f - scarf {+Inv}
rCorr   .            (no gloves)
SInv    +            (no boots)
Will    .....        (no amulet) Stlth
                     g - ring of see invisible
HPRegen 0.24/turn    (no ring)
MPRegen 0.08/turn

%: no passive effects
@: lethally poisoned (0 -> -11), glowing, heavily drained
A: condensation shield
a: Evoke Invisibility


You were on level 2 of the Dungeon.
You visited 1 branch of the dungeon, and saw 2 of its levels.

You collected 52 gold pieces.


Innate Abilities, Weirdness & Mutations

A meltable shield of frost defends you. (SH +4)


   Skills:
 - Level 3.0 Fighting
 - Level 2.6 Dodging
 + Level 4.4 Unarmed Combat


You had 2 spell levels left.
You didn't know any spells.
Your spell library was empty.

Inventory:

Armour
 c - an orb of light (worn)
 e - a +0 scale mail (worn)
   (You found it on level 1 of the Dungeon)
 f - a scarf of invisibility (worn)
   (You found it on level 1 of the Dungeon)
 i - a +0 helmet (worn)
   (You took it off Robin on level 2 of the Dungeon)
Magical Staves
 d - a staff of earth {!astaff}
   (You found it on level 1 of the Dungeon)
Jewellery
 g - a ring of see invisible (left hand)
   (You found it on level 1 of the Dungeon)
Scrolls
 a - 2 scrolls of fear {unknown}
 h - a scroll of teleportation {unknown}
Potions
 b - a potion of ambrosia

Dungeon Overview and Level Annotations

Branches:
Dungeon (2/15) Zot: 10789

Altars:

. ...###########
#........))<#
..B..#..######
... ##.#### .
#))@.#
.....'...........
.....#######....#
.... ..># ... ###
.. .


There were no monsters in sight!


Message History

You start putting on your armour.
You continue putting on your +0 helmet. x4
You finish putting on your +0 helmet. 😕 HP[+1]
Items here: )) †††.
A giant cockroach comes into view.
A hobgoblin comes into view. 😎 HP[+1]
Your hp is fully restored (24).
There are monsters nearby!
There are monsters nearby!
There are monsters nearby!
There are monsters nearby!
The hobgoblin hits you. 😕 HP[-4]
You take 4 damage, and now have 20/24 hp.
You hit the hobgoblin but do no damage. The hobgoblin closely misses you.
You hit the hobgoblin but do no damage. You hit the giant cockroach.
The hobgoblin barely misses you. The giant cockroach barely misses you.
You hit the giant cockroach but do no damage.
The hobgoblin hits you but does no damage.
The giant cockroach closely misses you.
You hit the giant cockroach but do no damage.
A goblin comes into view. It is wielding a +0 dagger.
The hobgoblin hits you but does no damage.
The giant cockroach bites you but does no damage. 😕 HP[+1]
You hit the giant cockroach.
You kill the giant cockroach!
The hobgoblin hits you. 😮 HP[-3]
You now have 25 max hp (+1).
You take 3 damage, and now have 18/25 hp.
You are too injured to fight recklessly!
You are too injured to fight recklessly!
You are too injured to fight recklessly!
You are too injured to fight recklessly!
You are too injured to fight recklessly!
You are too injured to fight recklessly!
You are too injured to fight recklessly!
You are too injured to fight recklessly!
You are too injured to fight recklessly!
You are too injured to fight recklessly!
You are too injured to fight recklessly!
You are too injured to fight recklessly!
Unknown command.
You barely miss the hobgoblin. The hobgoblin closely misses you.
You hit the hobgoblin.
A goblin comes into view. It is wielding a +2 dagger of venom.
The goblin shouts!
The goblin barely misses you.
The hobgoblin closely misses you. 😕 HP[+1]
You hit the goblin.
You kill the goblin!
You block the hobgoblin's attack.
Things that are here:
a +0 dagger {short}; a goblin corpse You hit the hobgoblin.
The hobgoblin hits you but does no damage.
You hit the hobgoblin but do no damage. The goblin misses you.
The hobgoblin hits you but does no damage. 😕 HP[+1]
You hit the hobgoblin. You block the hobgoblin's attack.
The goblin hits you with a +2 dagger of venom. 😮 HP[-2]
You take 2 damage, and now have 18/25 hp.
You hit the hobgoblin but do no damage.
The hobgoblin hits you but does no damage.
The goblin hits you with a +2 dagger of venom.
You are poisoned. 😮 HP[-2]
You take 2 damage, and now have 16/25 hp.
You hit the hobgoblin but do no damage.
You feel very sick. The hobgoblin misses you.
The goblin hits you with a +2 dagger of venom.
* * * LOW HITPOINT WARNING * * *
😨 HP[-4]
You take 4 damage, and now have 12/25 hp.
You punch the hobgoblin!
You kill the hobgoblin!
You feel sick.
The goblin hits you with a +2 dagger of venom.
* * * LOW HITPOINT WARNING * * *
You are lethally poisoned! 😨 HP[-3]
You take 3 damage, and now have 9/25 hp.
You hit the goblin.
You kill the goblin!
* * * LOW HITPOINT WARNING * * *
You feel very sick. 😨 HP[-2]
You take 2 damage, and now have 7/25 hp.
Found a stone staircase leading down.
* * * LOW HITPOINT WARNING * * *
You feel very sick.
Things that are here:
a +2 dagger of venom {short}; a +0 club {mace}; a goblin corpse 😱 HP[-4]
You take 4 damage, and now have 3/25 hp.
You die...

Skill      XL: |  1  2  3 |
---------------+----------+-----
Unarmed Combat | 3 4 |  4.4
Fighting       | |  3.0
Dodging        | |  2.6

Action                     || total
---------------------------++-------
  Melee: Unarmed           ||   106
 Armour: Robe              ||     2
         Scale mail        ||    21
  Dodge: Dodged            ||    47
  Block: Orb               ||    13

Levels and vault maps discovered:
D:1:      eino_arrival_druids_welcome, layout_basic
D:2:      layout_basic, uniq_robin

Notes
Turn   | Place    | Note
-------+----------+-------------------------------------------
     0 | D:1      | MackTheKnife the Demonspawn Monk began the quest for the
                  | Orb.
     0 | D:1      | Reached XP level 1. HP: 18/18 MP: 1/1
     0 | D:1      | magus.rc [v1.9.6]
    27 | D:1      | Reached skill level 3 in Unarmed Combat
   122 | D:1      | Gained mutation: A meltable shield of frost defends you.
                  | (SH +4) [demonic ancestry]
   122 | D:1      | Reached XP level 2. HP: 24/24 MP: 2/2
   635 | D:1      | Reached XP level 3. HP: 27/29 MP: 3/3
   854 | D:1      | Reached skill level 4 in Unarmed Combat
  1144 | D:2      | Noticed Robin
  1180 | D:2      | Killed Robin
  1217 | D:2      | HP: 3/25 [poisoned by a goblin]
  1218 | D:2      | Succumbed to a goblin's poison

Vanquished Creatures
  Robin (D:2)
  A gnoll (D:1)
  A dart slug (D:1)
  2 ball pythons (D:1)
  A bat (D:1)
  4 endoplasms (D:1)
  A giant cockroach (D:2)
  12 goblins
  4 hobgoblins (D:2)
  5 jackals (D:1)
  A quokka (D:1)
  A frilled lizard (D:1)
  A rat (D:1)
35 creatures vanquished.

Table legend:
 A = Non-vault XP
 B = Vault XP
 C = Vault XP percentage of total XP
 D = Non-vault monster count
 E = Vault monster count
 F = Vault count percentage of total count
                 A         B        C        D         E       F
            +---------+---------+-------+---------+---------+-------
      Total |      56 |      39 |  41.1 |      22 |      13 |  37.1
            +---------+---------+-------+---------+---------+-------
        D:1 |      54 |       0 |   0.0 |      21 |       0 |   0.0
        D:2 |       2 |      39 |  95.1 |       1 |      13 |  92.9
            +---------+---------+-------+---------+---------+-------

Skill      XL: |  1  2  3 |
---------------+----------+-----
Unarmed Combat | 3 4 |  4.4
Fighting       | |  3.0
Dodging        | |  2.6

Action                     || total
---------------------------++-------
  Melee: Unarmed           ||   106
 Armour: Robe              ||     2
         Scale mail        ||    21
  Dodge: Dodged            ||    47
  Block: Orb               ||    13

Illustrated notes

Table legend:
 A = Kills in this place as a percentage of kills in the entire game.
 B = Kills by you in this place as a percentage of kills by you in the entire game.
 C = Kills by friends in this place as a percentage of kills by friends in the entire game.
 D = Other kills in this place as a percentage of other kills in the entire game.
 E = Experience gained in this place as a percentage of experience gained in the entire game.
 F = Experience gained in this place divided by the number of levels of this place that you have seen.
                   A       B       C       D       E      F
               +-------+-------+-------+-------+-------+----------------------
         Total | 100.0 | 100.0 |   N/A |   N/A | 100.0 |  47.5
       Dungeon | 100.0 | 100.0 |   N/A |   N/A | 100.0 |  47.5
               +-------+-------+-------+-------+-------+----------------------

Table legend: (Time is in decaauts)
 A = Elapsed time spent in this place.
 B = Non-inter-level travel time spent in this place.
 C = Inter-level travel time spent in this place.
 D = Time resting spent in this place.
 E = Time spent auto-exploring this place.
 F = Levels seen in this place.
 G = Mean time per level.
                   A        B        C        D        E       F      G
               +--------+--------+--------+--------+--------+-----+--------+
         Total |   1210 |   1140 |     70 |     76 |    853 |   2 |  605.0 |
       Dungeon |   1210 |   1140 |     70 |     76 |    853 |   2 |  605.0 |
               +--------+--------+--------+--------+--------+-----+--------+

Top non-repeatable levels by time:
     D:1: 1133 daAuts
     D:2: 77 daAuts
